AoeStats
← EeeZee3

Arena

510997655Analyzed
1v1 RM · 9h ago on Oct 3, 2026· 46m 12s· 2 players
Game mode
Random Map
Map size
Tiny (2 player)
Population
200
Speed
Normal
Resources
Standard
Victory
Conquest
Starting age
Dark Age
Ending age
Imperial Age
RankedLock teamsTeams togetherTeam positionsShared explorationLock speedFull tech treeHidden civsTurbo modeCheats
Victory
Defeat
🇮🇹 Italians · Italy
604
+15
🇨🇭 Saxons · Switzerland
585
-15
EeeZee3
0:25 Loom
10:45 Feudal Age
12:00 Double-Bit Axe
12:11 Horse Collar
17:52 Wheelbarrow
18:49 Gold Mining
18:56 Stone Mining
19:08 Fletching
19:30 Forging
19:21 Scale Mail Armor
20:01 Town Watch
20:51 Arson
24:53 Castle Age
25:41 Castle Age
28:11 Bow Saw
28:04 Heavy Plow
28:11 Gambesons
28:27 Squires
29:25 Thumb Ring
29:41 Chain Mail Armor
30:01 Iron Casting
29:22 Bodkin Arrow
30:46 Gold Shaft Mining
30:52 Ballistics
30:13 Treadmill Crane
30:28 Murder Holes
30:44 Masonry
33:07 Scale Barding Armor
33:03 Padded Archer Armor
33:49 Bloodlines
33:40 Husbandry
36:08 Chain Barding Armor
36:04 Leather Archer Armor
37:03 Elite Skirmisher
40:42 Hand Cart
43:29 Imperial Age
46:11 Plate Mail Armor
46:46 Two-Man Saw
MAB38
2:42 Loom
9:45 Feudal Age
10:46 Double-Bit Axe
10:44 Horse Collar
17:52 Castle Age
32:20 Imperial Age
31:35 Gold Mining
31:35 Stone Mining
34:02 Chemistry
32:43 Treadmill Crane
33:00 Murder Holes
33:27 Ballistics
33:54 Conscription
34:16 Bow Saw
34:37 Pikeman
41:29 Pirotechnia
Connection lost

Rejoining the realm…

Still unreachable

The connection could not be restored.

Session expired

The server has moved on; the page needs a fresh start.